 Dungeon Crawl Stone Soup version 0.30-a0-862-g1aabd4f9c5 (webtiles) character file.

Game seed: 255987371999955879

299 jimonade the Magician (level 6, 0/43 HPs)
             Began as a Djinni Warper on Mar 8, 2023.
             Slain by Duvessa
             ... wielding a +2 vampiric short sword
              (9 damage)
             ... on level 4 of the Dungeon.
             The game lasted 00:10:42 (2932 turns).

jimonade the Magician (Djinni Warper)               Turns: 2932, Time: 00:10:42

Health: 0/43       AC:  4    Str: 12    XL:     6   Next: 63%
Gold:   101        EV: 11    Int: 15    God:
                   SH:  0    Dex: 12

rFire   + + .      SeeInvis .    a - +1 dagger (protect)
rCold   . . .      Faith    .    (no shield)
rNeg    . . .      Spirit   .    v - +0 leather armour
rPois   ∞          Reflect  .    w - +0 helmet
rElec   .          Rampage  .    (no cloak)
rCorr   .                        (no gloves)
Will    .....                    (boots unavailable)
Stlth   +                        (no amulet)
HPRegen 0.27/turn                p - ring of protection from cold
MPRegen 0.00/turn                (no ring)

@: flying
A: sickness immunity, fire resistance 2, cold vulnerability 1, float, innate
caster, HP casting, extra vitality 1
a: no special abilities


You were on level 4 of the Dungeon.
You visited 1 branch of the dungeon, and saw 4 of its levels.

You collected 101 gold pieces.

Inventory:

Hand Weapons
 a - a +1 dagger of protection (weapon)
 b - a +1 dagger of speed
 i - a +0 mace
 k - a +0 spear
 l - a +0 whip
 s - a +0 whip
Missiles
 d - 7 boomerangs of dispersal
Armour
 n - the +2 hood of the Assassin {Detect Stab+ Stlth++}
   (You found it on level 2 of the Dungeon)

   Detect:    It allows the wearer to sense nearby creatures.
   Stab+:     It allows the wearer to make particularly effective stabbing
   attacks against helpless or unaware enemies with any weapon.
   Stlth:     It makes you much more stealthy.
 r - the +2 robe of Gutam {Harm Drain rCorr SInv}
   (You found it on level 2 of the Dungeon)

   SInv:      It lets you see invisible.
   rCorr:     It protects you from acid and corrosion.
   Drain:     It drains your maximum health when unequipped.
   Harm:      It increases damage dealt and taken.
 v - a +0 leather armour (worn)
 w - a +0 helmet (worn)
Magical Staves
 u - a staff of cold
Jewellery
 p - a ring of protection from cold (left hand)
Scrolls
 c - 2 scrolls of blinking
 m - a scroll of noise {unknown}
 o - 3 scrolls of immolation {unknown}
Potions
 e - a potion of degeneration {unknown}
 f - 3 potions of mutation {unknown}
 g - 2 potions of lignification {unknown}
 h - 2 potions of heal wounds {unknown}
 j - a potion of haste {unknown}
 q - a potion of brilliance {unknown}


   Skills:
 - Level 2.0 Fighting
 - Level 1.5 Polearms
 - Level 0.7 Throwing
 - Level 1.0 Armour
 - Level 2.1 Dodging
 + Level 5.3 Spellcasting


You knew the following spells:

 Your Spells              Type           Power      Damage    Failure   Level
a - Blink                 Tloc           40%        N/A       3%          2
b - Lesser Beckoning      Tloc           40%        N/A       3%          2
c - Vhi's Electric Charg  Tloc/Air       40%        N/A       7%          3
d - Teleport Other        Tloc           20%        N/A       7%          3
e - Manifold Assault      Tloc           20%        N/A       22%         4
f - Sandblast             Erth           40%        2d10      2%          1
g - Searing Ray           Conj           40%        2d5       3%          2
Your spell library was empty.

Dungeon Overview and Level Annotations

Branches:
Dungeon (4/15)
 Temple: D:4-7

Altars:
Cheibriados
Dithmenos
Makhleb
Trog
Uskayaw
Yredelemnul

Shops:
D:2 *   D:3 =

Annotations:
D:4 Duvessa


Innate Abilities, Weirdness & Mutations

You are immune to sickness and miasma.
You are immune to poison.
Your flesh is very heat resistant. (rF++)
You are vulnerable to cold. (rC-)
You float through the air rather than walking.
You learn spells naturally, not from books.
Your magical power is your life essence.
You have superior vitality. (+4 MHP)


Message History

Throw: dart (poison)
Press: ? - help, Q - select action, (/) - cycle Shift-Dir - straight line, f/p - Duvessa
Aim: Duvessa, wielding a +2 vampiric short sword and wearing a +0 ring mail (poisoned, 65% to hit)
You throw a poisoned dart. The poisoned dart hits Duvessa.
Duvessa looks even sicker.
Duvessa closely misses you.
Aiming: Searing Ray (safe; 3% risk of failure)
Press: ? - help, Q - select action, (/) - cycle Shift-Dir - straight line, f/p - Duvessa
Aim: Duvessa, wielding a +2 vampiric short sword and wearing a +0 ring mail (lightly wounded, very poisoned, 84% to hit)
The searing ray misses Duvessa. (Press . to maintain the ray.) Duvessa hits you with a +2 vampiric short sword.
The searing ray hits Duvessa.
Duvessa is lightly wounded.
Duvessa hits you with a +2 vampiric short sword!
The searing ray hits Duvessa.
Duvessa is moderately wounded.
Duvessa hits you with a +2 vampiric short sword.
The searing ray hits Duvessa.
Duvessa is moderately wounded.
You finish channelling your searing ray.
Duvessa hits you with a +2 vampiric short sword!
Aiming: Searing Ray (safe; 3% risk of failure)
Press: ? - help, Q - select action, (/) - cycle Shift-Dir - straight line, f/p - Duvessa
Aim: Duvessa, wielding a +2 vampiric short sword and wearing a +0 ring mail (heavily wounded, poisoned, 84% to hit)
The searing ray hits Duvessa.
Duvessa is heavily wounded. (Press . to maintain the ray.) Duvessa gestures with her weapon.
Duvessa completely misses you.
The searing ray hits Duvessa!
Duvessa is almost dead.
* * * LOW HITPOINT WARNING * * *
Duvessa hits you with a +2 vampiric short sword.
* * * LOW HITPOINT WARNING * * *
The searing ray hits Duvessa.
Duvessa is almost dead.
* * * LOW HITPOINT WARNING * * *
Duvessa hits you with a +2 vampiric short sword!
You die...

.............#.#.
..........(......
.........(.....#
..........)#...#
....†......#.#...
#####.#..(...# #
#...)(...##
#...e†....#
#...@.....#
#.........#
#.........#
#........##
#........#
#.........#
#...........
#...........


You could see Duvessa (poisoned).

Vanquished Creatures
  An ogre (D:4)
  Natasha (thrice) (D:2)
  Robin (D:3)
  5 adders
  A worm (D:2)
  3 dart slugs
  An orc (D:3)
  7 bats
  6 endoplasms
  6 giant cockroaches
  13 goblins
  5 hobgoblins
  3 jackals (D:1)
  8 kobolds
  3 quokkas
  4 ball pythons
  3 frilled lizards
  5 rats
78 creatures vanquished.

Notes
Turn   | Place    | Note
-------+----------+-------------------------------------------
     0 | D:1      | jimonade the Djinni Warper began the quest for the Orb.
     0 | D:1      | jimonade set off with the following spells memorised:
                  | Blink, Lesser Beckoning, Vhi's Electric Charge, Teleport
                  | Other, Manifold Assault.
     0 | D:1      | Reached XP level 1. HP: 18/18 MP: 0/0
   156 | D:1      | Reached XP level 2. HP: 15/23 MP: 0/0
   276 | D:1      | Reached skill level 3 in Spellcasting
   627 | D:1      | Reached XP level 3. HP: 28/28 MP: 0/0
   627 | D:1      | Learned a level 1 spell: Sandblast
   943 | D:1      | Found a bloodstained altar of Trog.
  1054 | D:2      | Found the +2 hood of the Assassin {Detect Stab+ Stlth++}
  1114 | D:2      | Noticed Natasha
  1137 | D:2      | Killed Natasha
  1138 | D:2      | Reached XP level 4. HP: 28/33 MP: 0/0
  1203 | D:2      | Found Ykluxkoc's Assorted Antiques.
  1331 | D:2      | Identified the +2 robe of Gutam {Harm Drain rCorr SInv}
  1521 | D:2      | Noticed Natasha
  1554 | D:2      | Killed Natasha
  1555 | D:2      | Reached skill level 4 in Spellcasting
  1567 | D:2      | Reached XP level 5. HP: 24/38 MP: 0/0
  1567 | D:2      | Learned a level 2 spell: Searing Ray
  1829 | D:2      | Noticed Natasha
  1853 | D:2      | Killed Natasha
  1962 | D:3      | Identified the +1 leather armour of Muneasok {*Corrode
                  | rPois Int+3}
  1994 | D:3      | Found a snail-covered altar of Cheibriados.
  2081 | D:3      | Found Jeuw's Jewellery Shop.
  2128 | D:3      | Noticed Robin
  2199 | D:3      | Killed Robin
  2200 | D:3      | Reached XP level 6. HP: 30/43 MP: 0/0
  2412 | D:3      | Found a faded altar of an unknown god.
  2486 | D:3      | Found a burning altar of Makhleb.
  2495 | D:3      | Found a hide-covered altar of Uskayaw.
  2495 | D:3      | Found a shadowy altar of Dithmenos.
  2500 | D:3      | Found a basalt altar of Yredelemnul.
  2874 | D:4      | Reached skill level 5 in Spellcasting
  2885 | D:4      | Noticed an ogre
  2893 | D:4      | Killed an ogre
  2914 | D:4      | Noticed Duvessa
  2932 | D:4      | Slain by Duvessa

Illustrated notes

Levels and vault maps discovered:
D:1:      dpeg_arrival_water_altar, layout_basic
D:2:      layout_basic, serial_shops,
          nicolae_shop_temple_entry_statues_fountains, minmay_octomino_j4,
          uniq_natasha
D:3:      layout_basic, kennysheep_slug_shrine, minitemple,
          shapermc_ecumenical_altar_totnotflames, serial_shops, shop, uniq_robin
D:4:      layout_basic, uniq_blork_the_orc, uniq_duvessa, uniq_eustachio

Skill      XL: |  1  2  3  4  5  6 |
---------------+-------------------+-----
Spellcasting   | 3 4 5 |  5.3
Fighting       | |  2.0
Polearms       | |  1.5
Throwing       | |  0.7
Armour         | |  1.0
Dodging        | |  2.1

Action                     |  1- 3 |  4- 6 || total
---------------------------+-------+-------++-------
  Melee: Spear             |    96 |       ||    96
         Dagger            |    18 |    90 ||   108
  Throw: Dart              |       |     8 ||     8
   Cast: Searing Ray       |       |    30 ||    30
   Stab: Sleeping          |     4 |     4 ||     8
 Armour: Leather armour    |    28 |    40 ||    68
  Dodge: Dodged            |    52 |    54 ||   106

Table legend: (Time is in decaauts)
 A = Elapsed time spent in this place.
 B = Non-inter-level travel time spent in this place.
 C = Inter-level travel time spent in this place.
 D = Time resting spent in this place.
 E = Time spent auto-exploring this place.
 F = Levels seen in this place.
 G = Mean time per level.
                   A        B        C        D        E       F      G
               +--------+--------+--------+--------+--------+-----+--------+
         Total |   2945 |   2838 |    107 |    104 |   1768 |   4 |  736.2 |
       Dungeon |   2945 |   2838 |    107 |    104 |   1768 |   4 |  736.2 |
               +--------+--------+--------+--------+--------+-----+--------+

Top non-repeatable levels by time:
     D:1: 1038 daAuts
     D:3: 995 daAuts
     D:2: 859 daAuts
     D:4: 51 daAuts
